 Dungeon Crawl Stone Soup version 0.28-a0-1212-gc6b4282bc0 (webtiles) character file.

Game seed: 6173543451332006595

174 Bapho the Shield-Bearer (level 5, -18/50 HPs)
             Began as a Troll Fighter on Dec 21, 2021.
             Demolished by an ogre (22 damage)
             ... on level 4 of the Dungeon.
             The game lasted 00:04:26 (2213 turns).

Bapho the Shield-Bearer (Troll Fighter)             Turns: 2213, Time: 00:04:27

Health: -18/50     AC:  4    Str: 26    XL:     5   Next: 28%
Magic:  4/4        EV:  8    Int:  4    God:
Gold:   115        SH:  8    Dex:  9    Spells: 4/4 levels left

rFire   . . .      SeeInvis .     - Unarmed
rCold   . . .      Faith    .   b - +0 kite shield
rNeg    . . .      Spirit   .   a - +0 robe
rPois   .          Reflect  .   (helmet restricted)
rElec   .          Harm     .   (no cloak)
rCorr   .          Rampage  .   (gloves unavailable)
Will    .....                   (boots unavailable)
Stlth   +.........              (no amulet)
HPRegen 0.96/turn               (no ring)
MPRegen 0.09/turn               (no ring)

@: no status effects
A: large, unfitting armour, claws 3, regeneration 1, shaggy fur 1, tough skin 1
a: no special abilities


You were on level 4 of the Dungeon.
You visited 1 branch of the dungeon, and saw 4 of its levels.

You collected 115 gold pieces.

Inventory:

Missiles
 e - 63 stones (quivered)
Armour
 a - a +0 robe (worn)
 b - a +0 kite shield (worn)
 k - a scarf of shadows
Jewellery
 i - an amulet of magic regeneration
Scrolls
 d - a scroll of enchant weapon {unknown}
Potions
 c - a potion of might
 g - 3 potions of mutation
 h - a potion of lignification
 j - a potion of invisibility
 m - a potion of magic
 n - a potion of haste {unknown}
 p - a potion of flight {unknown}


   Skills:
 - Level 2.4 Fighting
 - Level 2.4 Dodging
 + Level 5.0 Shields
 - Level 2.0 Unarmed Combat


You had 4 spell levels left.
You didn't know any spells.
Your spell library was empty.

Dungeon Overview and Level Annotations

Branches:
Dungeon (4/15)
 Temple: D:4-7

Altars:
Kikubaaqudgha
Wu Jian
Xom
Zin

Shops:
D:3 (


Innate Abilities, Weirdness & Mutations

You are too large for most types of armour.
You have claws for hands.
Your natural rate of healing is unusually fast.
You are covered in fur. (AC +1)
You have tough skin. (AC +1)


Message History

You block the giant cockroach's attack.
The giant cockroach bites you but does no damage.
The giant cockroach bites you but does no damage.
You block the giant cockroach's attack.
You claw the giant cockroach!
You kill the giant cockroach!
You see here a giant cockroach corpse.
Found a glowing dark potion.
An ogre comes into view. It is wielding a +0 giant spiked club.
An orc comes into view. It is wielding a +0 club.
Found a scroll labelled FOUNIMPYRI.
You scratch the ogre.
The ogre is lightly wounded.
The orc shouts!
You hear a shout!
An orc comes into view. It is wielding a +0 club.
The ogre hits you with a +0 giant spiked club!!
Ouch! That really hurt!
You scratch the ogre but do no damage.
The ogre is lightly wounded.
You scratch the ogre.
The ogre is moderately wounded.
The ogre hits you with a +0 giant spiked club!!
* * * LOW HITPOINT WARNING * * *
An orc comes into view. It is wielding a +0 short sword.
You barely miss the ogre.
The ogre is moderately wounded.
You block the ogre's attack.
You scratch the ogre but do no damage.
The ogre is moderately wounded.
You block the ogre's attack.
You claw the ogre!
The ogre is heavily wounded.
The ogre hits you with a +0 giant spiked club!
* * * LOW HITPOINT WARNING * * *
You claw the ogre!
The ogre is almost dead.
You scratch the ogre but do no damage.
The ogre is almost dead.
The ogre hits you with a +0 giant spiked club!!
You die...

#...?.# ... .......
.. #...... ..
#......###.
.........o
#......###
###....Oo..##.. .
..!....@.......
.....###......#.....
........
.......#......#
....#####...
..............#
#..#...#...
......##......#
.._#...#_..
........#.....#
...#...#...
...#.....##...###
...#####...
...#.....#...##
............
##.#...........##
#...........


You could see an ogre and 2 orcs.

Vanquished Creatures
  A hound (D:4)
  An orc priest (D:3)
  5 adders
  A worm (D:2)
  2 dart slugs
  5 orcs
  3 ball pythons
  5 bats
  3 endoplasms
  2 giant cockroaches
  5 goblins
  8 hobgoblins
  4 quokkas
  2 frilled lizards (D:1)
  5 kobolds
  6 rats
58 creatures vanquished.

Notes
Turn   | Place    | Note
-------+----------+-------------------------------------------
     0 | D:1      | Bapho the Troll Fighter began the quest for the Orb.
     0 | D:1      | Reached XP level 1. HP: 22/22 MP: 0/0
   397 | D:1      | Reached skill level 3 in Shields
   397 | D:1      | Reached XP level 2. HP: 29/29 MP: 1/1
   411 | D:1      | Found a faded altar of an unknown god.
   836 | D:2      | Found an ornate altar of the Wu Jian Council.
   871 | D:2      | Reached XP level 3. HP: 36/36 MP: 2/2
  1338 | D:2      | Reached skill level 4 in Shields
  1338 | D:2      | Reached XP level 4. HP: 44/44 MP: 3/3
  1532 | D:3      | Found an ancient bone altar of Kikubaaqudgha.
  1902 | D:3      | Found Faopsifuk's Weapon Boutique.
  1982 | D:4      | Reached XP level 5. HP: 50/50 MP: 4/4
  2015 | D:4      | Found a glowing silver altar of Zin.
  2020 | D:4      | Noticed an angel
  2023 | D:4      | Found a shimmering altar of Xom.
  2124 | D:4      | Reached skill level 5 in Shields
  2203 | D:4      | Noticed an ogre
  2211 | D:4      | HP: 2/50 [ogre (8)]
  2213 | D:4      | Demolished by an ogre

Illustrated notes

Levels and vault maps discovered:
D:1:      lemuel_arrival_rhombus, layout_loops_ring,
          shapermc_ecumenical_altar_venn, st_stairs_12, nrook_mini_vaults,
          minmay_pentomino_u2
D:2:      layout_basic, basic_altar, minmay_3d_cube
D:3:      layout_rooms, mainiacjoe_overflow_tiny_flanked, serial_shops,
          nicolae_shop_hallway_stairs
D:4:      layout_cave_pools, grunt_temple_overflow_order_and_chaos_1,
          nicolae_ossuary_entry_giza, amcnicky_altar_lugonu_corruption

Skill      XL: |  1  2  3  4  5 |
---------------+----------------+-----
Shields        | 3 4 5 |  5.0
Fighting       | |  2.4
Dodging        | |  2.4
Unarmed Combat | |  2.0

Action                   |  1- 3 |  4- 6 || total
-------------------------+-------+-------++-------
Melee: Unarmed           |    94 |    77 ||   171
Throw: Stone             |    83 |    48 ||   131
  Use: Scroll            |       |     7 ||     7
Armor: Robe              |    30 |    19 ||    49
Dodge: Dodged            |    26 |    17 ||    43
Block: Kite shield       |    24 |    34 ||    58

Table legend: (Time is in decaauts)
 A = Elapsed time spent in this place.
 B = Non-inter-level travel time spent in this place.
 C = Inter-level travel time spent in this place.
 D = Time resting spent in this place.
 E = Time spent auto-exploring this place.
 F = Levels seen in this place.
 G = Mean time per level.
                   A        B        C        D        E       F      G
               +--------+--------+--------+--------+--------+-----+--------+
         Total |   2271 |   2155 |    116 |      0 |   1594 |   4 |  567.8 |
       Dungeon |   2271 |   2155 |    116 |      0 |   1594 |   4 |  567.8 |
               +--------+--------+--------+--------+--------+-----+--------+

Top non-repeatable levels by time:
     D:2: 794 daAuts
     D:1: 737 daAuts
     D:3: 493 daAuts
     D:4: 246 daAuts
